Unix NetHack Version 5.0.0-0 post-release - last build Jun 10 2026 00:39:30 (3ee93aec679c4c4259841fe613dc97188e26a321,branch:main).

Game began 2026-06-24 02:29:13, ended 2026-06-24 04:40:14.

JohnDarcy, neutral male human Tourist

     ------------
     |.......<..|
     |...........        ---------------------------------
     |..........|        |...........[...a...............|
     |..........|        |..-----..--+----@-----    ---- |
     |..........+        |..|(((|..|    .-.G.
     ----------)-        |..|(+(|..|  |..|.-f@.
               #         |..| $ |.--  ----.|...|
               )         |..--+--.|//     .|....
               ##        |........|//$    .|----                           [
              ###%#      |.-----..-      -+-
               #         |.|%%  ..
           ----.---.-####|.| %$ ..
           |...^.....####..-    .--  $      ? $
           |.(......|####|..... .    (((    !%
           |........|    |.......+   (((    )+  [
           |......>.|    |.{.....-
           ----------    |.........
                         -----------

JohnDarcy the Excursionist  St:13 Dx:12 Co:16 In:13 Wi:8 Ch:15  Neutral
Dlvl:6  $:1  HP:0(55) Pw:32(32) AC:-4 Xp:8 T:8442  Stressed

Latest messages:
 The killer bee stings!
 The killer bee misses!
 The gnomish wizard zaps a wand of striking!
 The wand misses you.
 The wand misses the killer bee.
 The killer bee misses!
 The gnomish wizard zaps a wand of striking!
 The wand misses you.
 The killer bee stings!
 The gnomish wizard zaps a wand of striking!
 The wand misses you.
 The wand misses the killer bee.
 The killer bee just misses!
 The killer bee stings!
 The killer bee just misses!
 The killer bee stings!
 The killer bee stings!
 The gnomish wizard zaps a wand of striking!
 The wand hits the housecat!
 The wand hits you!
 The killer bee stings!
 The killer bee stings!
 The killer bee stings!
 The killer bee misses!
 The killer bee misses!
 The killer bee stings!
 The killer bee stings!
 The killer bee stings!
 The killer bee misses!
 The housecat bites the gnomish wizard.
 You dream that you hear someone beseeching Blind Io.
 The killer bee misses!
 The housecat misses the gnomish wizard.
 You dream that you hear some noises in the distance.
 The killer bee misses!
 The air crackles around the gnomish wizard.
 The killer bee stings!
 The killer bee stings!
 The housecat bites the gnomish wizard.
 The killer bee stings!
 The housecat bites the gnomish wizard.
 The killer bee stings!
 The gnomish wizard points all around, then curses.
 The killer bee stings!
 You die...
 Do you want your possessions identified? [ynq] (y) y
 Do you want to see your attributes? [ynq] (y) y
 Do you want an account of creatures vanquished? [ynaq] (y) y
 Do you want to see your conduct and achievements? [ynq] (y) y
 Do you want to see the dungeon overview? [ynq] (y) y

Inventory:
 Coins    ('$')
  $ - a gold piece
 Weapons  (')')
  a - 6 +2 darts (at the ready)
  u - 8 +0 darts
  s - the +0 Sting (weapon in right hand)
 Armor    ('[')
  P - an uncursed +0 dwarvish iron helm
  Q - an uncursed +0 dwarvish iron helm (being worn)
  R - an uncursed +0 pair of iron shoes (being worn)
  S - a blessed +1 dwarvish roundshield (being worn)
  g - an uncursed +0 Hawaiian shirt with a giant eel motif
  U - an uncursed +0 dwarvish mithril-coat
  F - an uncursed +0 splint mail (being worn)
 Comestibles  ('%')
  d - an uncursed apple
  b - 6 uncursed food rations
  h - an uncursed fortune cookie
  H - 3 uncursed pears
  m - 5 uncursed lichen corpses
 Scrolls  ('?')
  K - 2 uncursed scrolls of blank paper
  j - 2 uncursed scrolls of earth
  O - an uncursed scroll of enchant armor
  t - 2 uncursed scrolls of enchant weapon
  B - an uncursed scroll of gold detection
  A - a cursed scroll of identify
  w - an uncursed scroll of light
  f - an uncursed scroll of magic mapping
 Potions  ('!')
  e - an uncursed potion of extra healing
  k - a cursed potion of gain energy
  x - an uncursed potion of object detection
  v - an uncursed potion of paralysis
 Rings    ('=')
  N - an uncursed +1 ring of protection (on left hand)
 Wands    ('/')
  L - a wand of magic missile (0:5)
  y - a wand of opening (0:3)
  M - a wand of striking (0:3)
  G - a wand of striking (0:1)
 Tools    ('(')
  T - an uncursed brass lantern
  i - an uncursed credit card
  c - an expensive camera (0:37)
  l - an uncursed leash
  q - an uncursed mirror
  D - an uncursed oil lamp
  J - an uncursed oil lamp
  r - an uncursed stethoscope
  I - an uncursed stethoscope

JohnDarcy the Tourist's attributes:

Background:
 You were an Excursionist, a level 8 male human Tourist.
 You were neutral, nominally on a mission for The Lady
 who was opposed by Blind Io (lawful) and Offler (chaotic).
 You were right-handed.
 You were in the Gnomish Mines, on level 6.
 You entered the dungeon 8442 turns ago.
 It was nighttime.
 You had 1505 experience points, 1055 more were needed to attain level 9.

Basics:
 You had 0 out of 55 hit points.
 You had all 32 energy points (spell power).
 Your armor class was -4.
 Your wallet contained 1 zorkmid.
 Autopickup was off.

Final Characteristics:
 Your strength was 13 (limit:18/100).
 Your dexterity was 12 (limit:18).
 Your constitution was 16 (limit:18).
 Your intelligence was 13 (limit:18).
 Your wisdom was 8 (limit:18).
 Your charisma was 15 (limit:18).

Final Status:
 You weren't hungry.
 You were stressed; movement was moderately slowed.
 You were wielding a dagger.
 You were skilled in dagger.

Final Attributes:
 You were piously aligned.
 You were telepathic.
 You were aware of the presence of orcs.
 You had a small defense bonus (+1).
 You were guarded.
 You are dead.

Miscellaneous:
 You didn't encounter any bones levels.
 Total elapsed playing time was 2 hours, 2 minutes and 51 seconds.

Major events:
 Turn
    1: JohnDarcy the neutral male human Tourist entered the dungeon
  956: attained the rank of Sightseer (level 3)
 1216: entered the Gnomish Mines
 2179: chose a runed dagger to be named "Sting"
 3605: attained the rank of Excursionist (level 6)
 5140: entered Sokoban
 6064: completed 1st Sokoban level
 6868: completed 2nd Sokoban level
 8366: reached Mine Town
 8442: killed by a killer bee, while sleeping

You didn't know any spells.

Skills:
 Fighting Skills
   bare handed combat [Unskilled]
   two weapon combat  [Unskilled]
   riding             [Unskilled]
 Weapon Skills
   dagger             [Skilled]
   knife              [Unskilled]
   axe                [Unskilled]
   pick-axe           [Unskilled]
   short sword        [Unskilled]
   broadsword         [Unskilled]
   long sword         [Unskilled]
   two-handed sword   [Unskilled]
   saber              [Unskilled]
   mace               [Unskilled]
   morning star       [Unskilled]
   flail              [Unskilled]
   hammer             [Unskilled]
   quarterstaff       [Unskilled]
   polearms           [Unskilled]
   spear              [Unskilled]
   trident            [Unskilled]
   lance              [Unskilled]
   bow                [Unskilled]
   sling              [Unskilled]
   crossbow           [Unskilled]
   dart               [Skilled]
   shuriken           [Unskilled]
   boomerang          [Unskilled]
   whip               [Unskilled]
   unicorn horn       [Unskilled]
 Spellcasting Skills
   divination spells  [Unskilled]
   enchantment spells [Unskilled]
   escape spells      [Unskilled]

Voluntary challenges:
 Character rerolling was not enabled.
 You were an atheist.
 You never genocided any monsters.
 You never polymorphed an object.
 You never changed form.
 You used no wishes.
 You did not violate any of the special Sokoban rules.
Achievements:
 You attained the rank of Sightseer.
 You entered the Gnomish Mines.
 You attained the rank of Excursionist.
 You entered Sokoban.
 You entered Minetown.

 The Dungeons of Doom: levels 1 to 9
    Level 1:
       Some fountains.
    Level 2:
       A fountain.
    Level 3:
       A grave.
       Stairs down to The Gnomish Mines.
    Level 4:
       Many fountains, many trees.
    Level 5:
    Level 6:
       Stairs up to Sokoban, level 5.
    Level 7:
       A fountain.
    Level 8:
       Some fountains, a sink.
    Level 9:
       A throne, a fountain.
 The Gnomish Mines: levels 4 to 6
    Level 4:
    Level 5:
    Level 6: <- You were here.
       An altar, a fountain.
       Final resting place for
          you, killed by a killer bee, while sleeping.
 Sokoban: levels 5 up to 4
    Level 4:
       Solved.
    Level 5:
       Solved.


Vanquished creatures:
  a large cat
  a quivering blob
  a winter wolf cub
 25 leprechauns
 an orc-captain
 an orc mummy
  a brown pudding
  a yeti
  a dwarf leader
  3 blue jellies
  a black unicorn
  2 snakes
  3 apes
  3 human zombies
  a rope golem
  2 wood nymphs
  a mountain nymph
  a rock piercer
  a rock mole
  3 fog clouds
  a yellow light
  2 shriekers
  a violet fungus
  5 gnome leaders
  2 gnomish wizards
  a kobold mummy
  a paper golem
  3 giant ants
  4 floating eyes
  5 dwarves
 15 hill orcs
  2 rothes
  a rabid rat
 an orc zombie
  6 iguanas
  5 killer bees
  5 coyotes
  a hobbit
  2 manes
  2 large kobolds
  3 hobgoblins
  2 giant rats
  2 cave spiders
  2 yellow molds
 11 gnomes
  a gnome zombie
  4 geckos
  5 jackals
  2 foxes
  2 goblins
  a sewer rat
  2 grid bugs
  a bat
  6 lichens
  a kobold zombie
  3 newts
167 creatures vanquished.

No species were genocided or became extinct.

Game over:
                       ----------
                      /          \
                     /    REST    \
                    /      IN      \
                   /     PEACE      \
                  /                  \
                  |    JohnDarcy     |
                  |       1 Au       |
                  |   killed by a    |
                  |    killer bee    |
                  |                  |
                  |                  |
                  |       2026       |
                 *|     *  *  *      | *
        _________)/\\_//(\/(/\)/\//\/|_)_______

Aloha JohnDarcy the Tourist...

You died in The Gnomish Mines on dungeon level 6 with 5106 points,
and 1 piece of gold, after 8442 moves.
You were level 8 with a maximum of 55 hit points when you died.

